 Dungeon Crawl Stone Soup version 0.30-a0-322-g102857c98e (webtiles) character file.

Game seed: 1995785385398226385

104 funkygono the Firebug (level 4, -1/24 HPs)
             Began as a Gargoyle Fire Elementalist on Oct 27, 2022.
             Slain by a goblin
             ... wielding a +0 club
             ... led by Robin
              (6 damage)
             ... on level 3 of the Dungeon.
             The game lasted 00:03:37 (2965 turns).

funkygono the Firebug (Gargoyle Fire Elementalist)  Turns: 2965, Time: 00:03:38

Health: -1/24      AC:  8    Str: 12    XL:     4   Next: 80%
Magic:  8/8        EV: 12    Int: 17    God:
Gold:   152        SH:  0    Dex: 10    Spells: 3/9 levels left

rFire   . . .      SeeInvis .    e - +0 flail
rCold   . . .      Faith    .    (no shield)
rNeg    + . .      Spirit   .    a - +0 robe
rPois   ∞          Reflect  .    (no helmet)
rElec   +          Harm     .    (no cloak)
rCorr   .          Rampage  .    (no gloves)
Will    .....                    p - +2 pair of boots
Stlth   ++........               (no amulet)
HPRegen 0.24/turn                (no ring)
MPRegen 0.11/turn                (no ring)

@: no status effects
A: sickness immunity, AC +3, negative energy resistance 1, electricity
resistance, torment resistance 1, petrification resistance
a: no special abilities


You were on level 3 of the Dungeon.
You visited 1 branch of the dungeon, and saw 3 of its levels.

You collected 152 gold pieces.

Inventory:

Hand Weapons
 e - a +0 flail (weapon)
 n - a +0 whip
Armour
 a - a +0 robe (worn)
 k - a +3 ring mail
 p - a +2 pair of boots (worn)
Scrolls
 c - a scroll of acquirement {unknown}
 f - 3 scrolls of summoning {unknown}
 g - 3 scrolls of noise {unknown}
 i - 2 scrolls of fear {unknown}
 j - a scroll of teleportation {unknown}
 l - 4 scrolls of identify {unknown}
 m - 2 scrolls of magic mapping {unknown}
Potions
 d - 2 potions of flight {unknown}
 h - a potion of cancellation {unknown}
 o - 4 potions of degeneration {unknown}


   Skills:
 + Level 0.2 Fighting
 + Level 0.2 Maces & Flails
 + Level 1.7 Dodging
 - Level 2.1 Stealth
 * Level 3.0 Spellcasting
 * Level 2.0 Conjurations
 * Level 4.2 Fire Magic


You had 3 spell levels left.
You knew the following spells:

 Your Spells              Type           Power      Damage    Failure   Level
a - Foxfire               Conj/Fire      52%        2x1d6     4%          1
b - Scorch                Fire           34%        2d7       4%          2
c - Kindle Blastsparks    Fire/Tloc/Air  14%        2d11      28%         3

Your spell library contained the following spells:

 Spells                   Type           Power      Damage    Failure   Level
 Freeze                   Ice            8%         1d3       17%         1
 Inner Flame              Hex/Fire       9%         N/A       22%         3
 Hailstorm                Conj/Ice       6%         3d4       34%         3
 Frozen Ramparts          Ice            4%         1d1       45%         3
 Flame Wave               Conj/Fire      13%        2d6       43%         4


Dungeon Overview and Level Annotations

Branches:
Dungeon (3/15)

Altars:
Makhleb
Uskayaw
Wu Jian
Xom

Annotations:
D:3 Robin


Innate Abilities, Weirdness & Mutations

You are immune to sickness and miasma.
Your stone body is resilient. (AC +3)
You are immune to poison.
You resist negative energy. (rN+)
You are resistant to electric shocks. (rElec)
You are resistant to unholy torment.
You are immune to petrification.


Message History

The goblin no longer looks unusually strong.
The goblin no longer looks unusually strong.
The goblin attacks as you move away! The goblin barely misses you.
Okay, then.
Casting: Foxfire (safe; 4% risk of failure)
Confirm with . or Enter, or press ? or * to list all spells.
Flames lash the goblin.
You kill the goblin!
Your Conjurations skill increases to level 2!
Unknown command.
Casting: Scorch (safe; 4% risk of failure)
Confirm with . or Enter, or press ? or * to list all spells.
Flames lash the goblin.
You kill the goblin!
Casting: Scorch (safe; 4% risk of failure)
Confirm with . or Enter, or press ? or * to list all spells.
You conjure some foxfire!
Casting: Foxfire (safe; 4% risk of failure)
Confirm with . or Enter, or press ? or * to list all spells.
Flames lash the goblin.
You kill the goblin!
The foxfire hits the goblin.
You kill the goblin!
The foxfire hits the goblin.
The goblin is severely wounded.
Your Spellcasting skill increases to level 3!
Robin roars a battlecry!
The goblins go into a battle-frenzy!
Robin roars a battlecry!
The hobgoblin goes into a battle-frenzy!
Magic courses through your body. The goblin closely misses you.
Robin throws the goblin at you! The goblin hits you with a +0 club.
* * * LOW HITPOINT WARNING * * *
Casting: Scorch (safe; 4% risk of failure)
Confirm with . or Enter, or press ? or * to list all spells.
Okay, then.
You closely miss the goblin.
The goblin is severely wounded.
The goblin hits you with a +0 club.
You die...

..#####
###..#.......#gg####.# ...#
#..#......g#.g# #.#
...###########'###+###'####
#.# .....#.........#
#.....g..# #.#
.....#.######### ###.##g###
#.# .....[.)...# #g##g# #.#
.......##..# #.##.#
.....####..#########.##)#
...............g@.ggg)).#
.....####..#########)####
.....# #..# ######.#####
.########..####..........#
.# #......[.......###.#
.######.#..####.######
..(.≈≈≈###### #.#
.≈≈....≈≈≈≈.# #.#
...≈≈.......# ..#


You could see Robin, 2 hobgoblins and a goblin (strong).

Vanquished Creatures
  An iguana (D:3)
  A gnoll (D:1)
  A dart slug (D:1)
  An orc (D:3)
  4 bats (D:1)
  8 endoplasms
  3 giant cockroaches
  11 goblins
  6 hobgoblins
  2 jackals (D:1)
  3 quokkas
  4 ball pythons (D:1)
  3 frilled lizards (D:1)
  6 kobolds
  3 rats (D:1)
57 creatures vanquished.

Vanquished Creatures (collateral kills)
  A foxfire (D:1)
1 creature vanquished.

Vanquished Creatures (others)
  131 foxfires
  A fungus (D:1)
  A plant (D:1)
133 creatures vanquished.

Grand Total: 191 creatures vanquished

Notes
Turn   | Place    | Note
-------+----------+-------------------------------------------
     0 | D:1      | funkygono the Gargoyle Fire Elementalist began the quest
                  | for the Orb.
     0 | D:1      | Reached XP level 1. HP: 10/10 MP: 3/3
   143 | D:1      | Reached XP level 2. HP: 15/15 MP: 0/5
   326 | D:1      | Learned a level 2 spell: Scorch
   414 | D:1      | Reached XP level 3. HP: 19/19 MP: 3/6
   418 | D:1      | Learned a level 3 spell: Kindle Blastsparks
  1178 | D:1      | Found a faded altar of an unknown god.
  1390 | D:2      | Reached skill level 4 in Fire Magic
  1510 | D:2      | Found an ornate altar of the Wu Jian Council.
  1863 | D:2      | Reached XP level 4. HP: 24/24 MP: 4/7
  2486 | D:3      | Found an ornate altar of the Wu Jian Council.
  2646 | D:3      | Found a burning altar of Makhleb.
  2681 | D:3      | Found a shimmering altar of Xom.
  2682 | D:3      | Found a shimmering altar of Xom.
  2682 | D:3      | Found a shimmering altar of Xom.
  2683 | D:3      | Found a shimmering altar of Xom.
  2685 | D:3      | Found a shimmering altar of Xom.
  2685 | D:3      | Found a shimmering altar of Xom.
  2687 | D:3      | Found a shimmering altar of Xom.
  2746 | D:3      | Found a hide-covered altar of Uskayaw.
  2935 | D:3      | Noticed Robin
  2965 | D:3      | Slain by a goblin

Illustrated notes

Levels and vault maps discovered:
D:1:      noname_arrival_rooms_in_the_neighbourhood, layout_basic,
          shapermc_ecumenical_altar_mp_urbaneastern
D:2:      layout_loops_corners, basic_altar, minivault_25, minmay_tetromino_l2
D:3:      layout_loops_ring, mainiacjoe_overflow_brackets,
          nicolae_xom_altar_mimics, mainiacjoe_overflow_24_doors,
          nicolae_uskayaw_suspiria, uniq_robin

Skill      XL: |  1  2  3  4 |
---------------+-------------+-----
Fire Magic     | 4 |  4.2
Conjurations   | 2 |  2.0
Spellcasting   | 3 |  3.0
Fighting       | |  0.2
Maces & Flails | |  0.2
Dodging        | |  1.7
Stealth        | |  2.1

Action                   |  1- 3 |  4- 6 || total
-------------------------+-------+-------++-------
Melee: Club              |     2 |       ||     2
       Flail             |    11 |     7 ||    18
 Cast: Foxfire           |    55 |    25 ||    80
       Scorch            |     4 |     5 ||     9
  Use: Potion            |       |     1 ||     1
Armor: Robe              |    13 |    11 ||    24
Dodge: Dodged            |    18 |    16 ||    34

Table legend: (Time is in decaauts)
 A = Elapsed time spent in this place.
 B = Non-inter-level travel time spent in this place.
 C = Inter-level travel time spent in this place.
 D = Time resting spent in this place.
 E = Time spent auto-exploring this place.
 F = Levels seen in this place.
 G = Mean time per level.
                   A        B        C        D        E       F      G
               +--------+--------+--------+--------+--------+-----+--------+
         Total |   2970 |   2912 |     58 |      0 |   2497 |   3 |  990.0 |
       Dungeon |   2970 |   2912 |     58 |      0 |   2497 |   3 |  990.0 |
               +--------+--------+--------+--------+--------+-----+--------+

Top non-repeatable levels by time:
     D:1: 1206 daAuts
     D:2: 1123 daAuts
     D:3: 640 daAuts
